Map: Dusk Towers

Players

HATETHISGAME - Winner!

  • Race: Protoss Protoss
  • League: Diamond

MrPrezbo

  • Race: Zerg Zerg
  • League: Master

VOD

Have the link to the VOD?

Description

Time

  • Played on: April 28, 2016, 12:28 a.m.
  • Length: 15:27
Show
View Real Time Build Order
Export as new Build Order

HATETHISGAME Protoss - Winner!

Build Orders: 1 Gate Expand, Zealot Archon, Dark Templar Rush 

Get SALT Encoding   

  12  0:01  Probe (Chrono Boost)  
  13  0:11  Probe (Chrono Boost)  
  14  0:20  Pylon  
  14  0:22  Probe (Chrono Boost)  
  15  0:38  Probe (Chrono Boost)  
  15  0:42  Gateway  
  16  0:48  Assimilator  
  16  0:49  Probe (Chrono Boost)  
  17  0:59  Probe (Chrono Boost)  
  18  1:10  Probe (Chrono Boost)  
  19  1:22  Nexus  
  19  1:34  Cybernetics Core  
  19  1:35  Probe (Chrono Boost)  
  20  1:45  Probe (Chrono Boost)  
  20  1:47  Assimilator  
  21  1:56  Probe (Chrono Boost)  
  21  1:59  Pylon  
  22  2:06  Probe (Chrono Boost)  
  23  2:11  Warp Gate  
  23  2:17  Adept (Chrono Boost)  
  26  2:23  Probe (Chrono Boost)  
  26  2:35  Probe (Chrono Boost), Mothership Core (Chrono Boost)  
  29  2:46  Probe (Chrono Boost)  
  29  2:50  Twilight Council  
  30  2:52  Adept  
  30  2:53  Probe (Chrono Boost)  
  30  2:56  Probe (Chrono Boost)  
  34  3:03  Probe (Chrono Boost)  
  35  3:07  Probe (Chrono Boost)  
  36  3:14  Probe (Chrono Boost)  
  36  3:18  Probe (Chrono Boost)  
  38  3:20  Assimilator  
  38  3:23  Assimilator  
  38  3:25  Probe (Chrono Boost)  
  39  3:28  Probe (Chrono Boost)  
  39  3:31  Dark Shrine  
  40  3:35  Probe (Chrono Boost)  
  40  3:39  Probe (Chrono Boost)  
  42  3:44  Pylon  
  42  3:45  Probe (Chrono Boost)  
  43  3:49  Probe (Chrono Boost)  
  43  3:51  Resonating Glaives (Chrono Boost)  
  43  3:54  Probe  
  44  3:58  Pylon  
  44  4:01  Probe  
  46  4:04  Gateway  
  46  4:06  Gateway  
  46  4:09  Gateway  
  46  4:14  Probe, Stalker  
  46  4:17  Probe  
  50  4:28  Probe, Pylon  
  51  4:35  Gateway  
  51  4:38  Probe  
  52  4:44  Dark Templar  
  54  4:47  Probe  
  54  4:50  Probe  
  56  5:02  Dark Templar  
  56  5:03  Dark Templar  
  56  5:04  Probe  
  56  5:06  Probe  
  62  5:07  Pylon  
  62  5:18  Nexus  
  62  5:20  Pylon  
  62  5:24  Probe  
  62  5:25  Probe  
  62  5:28  Pylon  
  64  5:34  Dark Templar x3  
  70  5:38  Probe x2  
  72  5:48  Adept x2  
  72  5:54  Probe, Gateway  
  72  5:55  Probe, Gateway  
  72  6:06  Probe, Dark Templar x2  
  72  6:07  Probe  
  72  6:10  Blink (Chrono Boost)  
  78  6:17  Pylon  
  78  6:18  Probe  
  78  6:20  Probe, Pylon  
  78  6:21  Dark Templar  
  78  6:23  Archon  
  78  6:24  Archon  
  82  6:25  Archon  
  82  6:29  Probe  
  82  6:30  Probe  
  82  6:32  Dark Templar x2  
  88  6:36  Archon  
  88  6:39  Zealot  
  90  6:50  Adept x4  
  98  7:00  Adept  
  100  7:08  Adept x3  
  102  7:14  Gateway x2, Pylon  
  106  7:16  Probe, Assimilator  
  106  7:17  Probe  
  106  7:21  Zealot, Assimilator  
  110  7:32  Gateway  
  110  7:33  Adept x2  
  110  7:34  Adept x4  
  122  7:38  Probe  
  123  7:44  Sentry  
  123  7:45  Pylon  
  123  7:48  Pylon  
  119  8:10  Adept x7  
  85  8:29  Probe  
  86  8:35  Dark Templar, Robotics Facility x2  
  86  8:36  Dark Templar x6  
  86  8:40  Archon x3  
  86  8:41  Pylon  
  99  8:45  Stalker x2  
  99  8:46  Stalker  
  106  8:55  Probe  
  106  8:57  Pylon  
  106  9:04  Pylon  
  106  9:06  Stalker x3  
  106  9:07  Pylon  
  106  9:09  Pylon  
  112  9:11  Stalker x3  
  118  9:17  Sentry x2  
  120  9:27  Immortal (Chrono Boost)  
  120  9:28  Immortal (Chrono Boost)  
  120  9:30  Zealot  
  130  9:37  Stalker  
  130  9:38  Stalker x3  
  136  9:45  Pylon  
  138  9:52  Stalker  
  140  10:01  Sentry  
  140  10:03  Immortal (Chrono Boost)  
  140  10:05  Immortal (Chrono Boost)  
  150  10:10  Stalker x3  
  154  10:16  Pylon  
  154  10:18  Stalker x2  
  154  10:19  Stalker  
  160  10:25  Probe x2  
  160  10:28  Pylon  
  162  10:30  Stalker x2  
  166  10:37  Observer (Chrono Boost), Sentry  
  166  10:41  Warp Prism (Chrono Boost)  
  171  10:49  Stalker x4  
  179  10:54  Zealot  
  181  10:58  Stalker x2  
  181  10:59  Stalker  
  187  11:04  Pylon  
  187  11:15  Stalker  
  189  11:24  Probe  
  190  11:25  Pylon  
  190  11:35  Adept x2  
  190  11:38  Adept  
  176  12:00  Adept  
  176  12:01  Adept x8  
  129  12:23  Stalker x9  
  117  12:48  Immortal (Chrono Boost)  
  117  12:50  Immortal (Chrono Boost)  
  125  12:51  Adept x5  
  135  13:05  Sentry x4  
  141  13:17  Dark Templar x4  
  147  13:23  Immortal (Chrono Boost)  
  147  13:29  Immortal (Chrono Boost)  
  137  13:37  Adept  
  137  13:38  Adept x4  
  133  13:55  Observer (Chrono Boost)  
  127  14:02  Adept x8  
  140  14:21  Immortal  
  142  14:25  Immortal  
  146  14:32  Adept x2  
Show
View Real Time Build Order
Export as new Build Order

MrPrezbo Zerg 

Build Orders: 3 Hatch before Pool 

Get SALT Encoding   

  12  0:01  Drone  
  13  0:12  Overlord  
  13  0:22  Drone  
  14  0:31  Drone x2  
  16  0:41  Drone  
  17  0:53  Hatchery  
  17  0:56  Drone  
  17  0:58  Drone  
  18  1:10  Drone  
  19  1:22  Hatchery  
  18  1:32  Drone x2  
  20  1:46  Spawning Pool, Extractor  
  18  1:47  Drone  
  18  1:51  Drone  
  20  2:00  Drone  
  21  2:08  Drone  
  22  2:17  Drone  
  22  2:18  Overlord  
  23  2:35  Queen x2  
  23  2:36  Queen  
  29  2:44  Zergling x2  
  29  2:45  Zergling x4  
  29  2:46  Zergling x2  
  29  2:50  Metabolic Boost  
  33  3:20  Zergling x6  
  33  3:21  Zergling x6  
  33  3:23  Spine Crawler x2  
  37  3:31  Overlord x2  
  37  3:33  Drone x2  
  41  3:46  Spore Crawler  
  41  3:47  Spore Crawler  
  39  3:49  Spore Crawler  
  39  3:50  Drone x4  
  39  3:52  Drone  
  43  3:57  Pneumatized Carapace  
  43  4:05  Drone x2  
  43  4:07  Drone  
  44  4:31  Drone x2  
  44  4:32  Drone x3  
  44  4:35  Lair  
  44  4:38  Roach Warren  
  48  4:40  Evolution Chamber  
  48  4:45  Queen  
  49  4:55  Overlord x3  
  49  5:02  Extractor  
  48  5:13  Spine Crawler  
  47  5:15  Spine Crawler  
  47  5:17  Spine Crawler  
  47  5:19  Roach  
  47  5:20  Roach x5  
  57  5:27  Drone  
  57  5:28  Drone x2  
  59  5:50  Roach x4  
  59  5:55  Drone x3  
  65  6:01  Overlord x2  
  65  6:02  Overseer  
  65  6:17  Overlord x3  
  65  6:21  Zerg Missile Weapons Level 1  
  65  6:34  Overseer  
  65  6:35  Drone x3  
  65  6:36  Drone x6  
  74  6:51  Drone x5  
  74  6:52  Drone x3  
  82  6:54  Glial Reconstitution  
  82  7:11  Extractor  
  82  7:13  Extractor  
  82  7:15  Queen  
  80  7:22  Ravager x3  
  85  7:27  Zergling x10  
  85  7:28  Zergling x10  
  95  7:37  Roach x3  
  100  7:56  Hatchery  
  100  7:57  Roach x3  
  100  7:58  Roach  
  104  8:09  Roach x6  
  104  8:10  Roach  
  100  8:18  Roach x6  
  93  8:35  Drone x6  
  99  8:56  Drone x5  
  99  8:57  Drone  
  99  8:58  Hydralisk Den  
  99  8:59  Extractor  
  99  9:00  Zerg Missile Weapons Level 2  
  103  9:04  Evolution Chamber  
  103  9:08  Queen  
  103  9:09  Drone x4  
  109  9:10  Drone x4  
  109  9:15  Overlord x2  
  110  9:30  Muscular Augments  
  110  9:32  Hydralisk  
  110  9:33  Hydralisk x4  
  110  9:34  Hydralisk x3  
  126  9:44  Drone x2  
  128  9:50  Overlord  
  128  9:51  Overlord x3  
  128  9:53  Zerg Ground Armor Level 1  
  128  9:59  Extractor  
  127  10:00  Spore Crawler  
  127  10:03  Overseer  
  127  10:04  Overseer x2  
  128  10:14  Roach x4  
  128  10:15  Roach x3  
  128  10:18  Drone  
  128  10:19  Drone x3  
  144  10:24  Drone x3  
  144  10:25  Drone x5  
  144  10:26  Drone  
  144  10:28  Drone x5  
  157  10:29  Drone  
  157  10:31  Extractor  
  158  10:37  Infestation Pit  
  158  10:38  Drone  
  158  10:45  Spire  
  158  10:48  Overlord x3  
  158  10:49  Overlord x2  
  157  11:14  Roach x13  
  157  11:16  Overlord x2  
  157  11:17  Overlord x3  
  183  11:36  Ravager  
  183  11:37  Ravager x7  
  183  11:39  Ravager  
  192  11:43  Ravager  
  183  11:57  Roach  
  183  11:58  Roach x10  
  177  12:06  Zergling x2  
  177  12:07  Zergling x32  
  129  12:28  Roach x8  
  129  12:29  Roach x3  
  137  12:37  Hydralisk x2  
  137  12:38  Hydralisk x2  
  137  12:42  Hydralisk  
  130  12:48  Hydralisk  
  130  12:49  Hydralisk x2  
  130  12:50  Hydralisk x3  
  130  12:51  Hydralisk  
  120  13:04  Zergling x2  
  120  13:05  Zergling x16  
  122  13:06  Zergling x4  
  122  13:16  Hydralisk x4  
  107  13:26  Zergling x8  
  107  13:27  Zergling x10  
  94  13:31  Hydralisk  
  76  13:39  Hydralisk x3  
  54  13:52  Hydralisk x6  
  58  14:02  Hydralisk  
Tags
 
Add a new tag
Caveats
  • Supply blocks, unpowered buildings, or Contaminate may cause inaccurate times.
  • Supply counts are checked every 10 seconds.